 Dungeon Crawl Stone Soup version 0.28-a0-1190-g77e1c55843 (console) character file.

Game seed: 13936905779165592423

27 Goblin1989 the Sneak (level 2, -5/22 HPs)
             Began as a Demonspawn Brigand on Dec 19, 2021.
             Was an Initiate of Gozag.
             Killed from afar by Natasha (11 damage)
             ... with a puff of flame
             ... on level 2 of the Dungeon.
             The game lasted 00:01:43 (1559 turns).

Goblin1989 the Sneak (Demonspawn Brigand)           Turns: 1559, Time: 00:01:43

Health: -5/22      AC:  3    Str: 11    XL:     2   Next: 93%
Magic:  2/2        EV: 11    Int: 12    God:    Gozag
Gold:   80         SH:  0    Dex: 14    Spells: 1/1 levels left

rFire   . . .      SeeInvis .   a - +2 dagger
rCold   . . .      Faith    .   (no shield)
rNeg    . . .      Spirit   .   b - +0 robe
rPois   .          Reflect  .   (helmet restricted)
rElec   .          Harm     .   c - +0 cloak
rCorr   .          Rampage  .   (no gloves)
Will    .....                   (no boots)
Stlth   +++.......              (no amulet)
HPRegen 0.07/turn               (no ring)
MPRegen 0.08/turn               (no ring)

@: slowed, very slow
A: horns 1
a: Renounce Religion, Potion Petition, Call Merchant, Bribe Branch


You were on level 2 of the Dungeon.
You worshipped Gozag.
Gozag was noncommittal.
You visited 1 branch of the dungeon, and saw 2 of its levels.

You collected 80 gold pieces.

Inventory:

Hand Weapons
 a - a +2 dagger (weapon)
Missiles
 d - 8 poisoned darts (quivered)
 e - 2 curare-tipped darts
Armour
 b - a +0 robe (worn)
 c - a +0 cloak (worn)
Jewellery
 r - an amulet of regeneration
Scrolls
 f - a scroll of fear {unknown}
 g - a scroll of identify {unknown}
 h - a scroll of brand weapon {unknown}
 s - a scroll of vulnerability {unknown}


   Skills:
 - Level 2.0 Fighting
 + Level 2.5 Short Blades
 - Level 1.7 Throwing
 - Level 0.8 Dodging
 + Level 4.1 Stealth


You had one spell level left.
You didn't know any spells.
Your spell library was empty.

Dungeon Overview and Level Annotations

Branches:
Dungeon (2/15)

Altars:
Gozag

Annotations:
D:2 Natasha


Innate Abilities, Weirdness & Mutations

You have a pair of small horns on your head.


Message History

No target in view!
No target in view!
No target in view!
No target in view!
No target in view!
No target in view!
No target in view!
No target in view!
No target in view!
You now have 80 gold pieces (gained 7).
Things that are here:
a +0 dagger; 5 stones {@Q3}
There is a stone staircase leading down here.
Found a ring mail.
You see here a +0 ring mail.
Done exploring.
Done exploring.
No target in view!
Done exploring.
Done exploring.
(D) Dungeon
Where to? (Enter - D:1 @ (x,y), ? - help)
There is a stone staircase leading down here.
You climb downwards.
Found a stone staircase leading up.
There is a stone staircase leading up here.
s - a scroll labelled SUWITU VAHY Natasha, Servant of Life and Death comes into view.
She is carrying a wand of flame (7).
Natasha hisses angrily.
Unknown command.
Unknown command.
You hit Natasha.
Natasha is lightly wounded.
Natasha claws you.
You take 3 damage, and have 19/22 hp.
You hit Natasha.
Natasha is moderately wounded.
Natasha casts a spell at you.
You feel yourself slow down.
You barely miss Natasha. Your headbutt misses Natasha.
Natasha is moderately wounded.
Natasha claws you.
You take 2 damage, and have 17/22 hp.
You hit Natasha but do no damage.
Natasha is moderately wounded.
Natasha claws you but does no damage.
You closely miss Natasha.
Natasha is moderately wounded.
Natasha casts a spell at you. You resist with significant effort.
Natasha barely misses you.
You barely miss Natasha.
Natasha is moderately wounded.
Natasha closely misses you.
You hit Natasha. Your headbutt misses Natasha.
Natasha is heavily wounded.
Natasha casts a spell.
Natasha claws you.
You take 6 damage, and have 12/22 hp.
MASSIVE DAMAGE!!
You are too injured to fight recklessly!
You are too injured to fight recklessly!
You are too injured to fight recklessly!
You are too injured to fight recklessly!
You are too injured to fight recklessly!
You are too injured to fight recklessly!
You are too injured to fight recklessly!
You are too injured to fight recklessly!
You are too injured to fight recklessly!
You are too injured to fight recklessly!
You are too injured to fight recklessly!
You are too injured to fight recklessly!
You are too injured to fight recklessly!
You are too injured to fight recklessly!
You are too injured to fight recklessly!
You are too injured to fight recklessly!
You are too injured to fight recklessly!
You are too injured to fight recklessly!
You are too injured to fight recklessly!
You are too injured to fight recklessly!
You are too injured to fight recklessly!
You are too injured to fight recklessly!
You are too injured to fight recklessly!
You are too injured to fight recklessly!
You are too injured to fight recklessly!
You barely miss Natasha.
Natasha is heavily wounded.
Natasha stares at you and mumbles some strange words.
You resist with significant effort. The shadow imp hits you.
* * * LOW HITPOINT WARNING * * *
You take 5 damage, and have 7/22 hp.
MASSIVE DAMAGE!!
You hit Natasha. Your headbutt misses Natasha.
Natasha is severely wounded.
Natasha barely misses you. The shadow imp hits you.
* * * LOW HITPOINT WARNING * * *
You take 1 damage, and have 6/22 hp.
You hit Natasha but do no damage.
Natasha is severely wounded.
Natasha zaps a wand.
The puff of flame hits you!
Ouch! That really hurt!
You die...
Your body crumbles into a pile of gold.

█.<.....█
█..████.█ ....
█.█ .██ █.█
█.█████ █.....█
█████.████
..██.██████....█
......h@5.████.█
..██.████.████.█
█.........█
█.██.██████
█.██.█ █.██.█
█.██.█ █.██.█
█.██.█


You could see Natasha and a shadow imp (summoned).

Vanquished Creatures
  A dart slug (D:1)
  2 giant cockroaches (D:1)
  3 goblins (D:1)
  3 hobgoblins (D:1)
  4 jackals (D:1)
  A quokka (D:1)
  3 ball pythons (D:1)
  A bat (D:1)
  2 frilled lizards (D:1)
  2 kobolds (D:1)
22 creatures vanquished.

Notes
Turn   | Place    | Note
-------+----------+-------------------------------------------
     0 | D:1      | Goblin1989 the Demonspawn Brigand began the quest for the
                  | Orb.
     0 | D:1      | Reached XP level 1. HP: 16/16 MP: 1/1
   495 | D:1      | Gained mutation: You have a pair of small horns on your
                  | head. [demonic ancestry]
   495 | D:1      | Reached XP level 2. HP: 21/22 MP: 2/2
   564 | D:1      | Found a faded altar of an unknown god.
   657 | D:1      | Reached skill level 4 in Stealth
   689 | D:1      | Prayed at the altar of an unknown god.
   689 | D:1      | Became a worshipper of Gozag Ym Sagoz the Greedy
  1547 | D:2      | Noticed Natasha
  1559 | D:2      | Killed from afar by Natasha

Illustrated notes

Levels and vault maps discovered:
D:1:      sevenhm_arrival_forest_fort_small_4, layout_loops_corners,
          shapermc_ecumenical_altar_mp_vishouse, corner_web_ring
D:2:      layout_basic, uniq_natasha

Skill      XL: |  1  2 |
---------------+-------+-----
Short Blades   | 2 |  2.5
Stealth        | 4 |  4.1
Fighting       | |  2.0
Throwing       | |  1.7
Dodging        | |  0.8

Action                   || total
-------------------------++-------
Melee: Dagger            ||    86
       Headbutt          ||     5
 Stab: Sleeping          ||     2
Armor: Robe              ||    22
Dodge: Dodged            ||    38

Table legend: (Time is in decaauts)
 A = Elapsed time spent in this place.
 B = Non-inter-level travel time spent in this place.
 C = Inter-level travel time spent in this place.
 D = Time resting spent in this place.
 E = Time spent auto-exploring this place.
 F = Levels seen in this place.
 G = Mean time per level.
                   A        B        C        D        E       F      G
               +--------+--------+--------+--------+--------+-----+--------+
         Total |   1561 |   1498 |     63 |      0 |   1328 |   2 |  780.5 |
       Dungeon |   1561 |   1498 |     63 |      0 |   1328 |   2 |  780.5 |
               +--------+--------+--------+--------+--------+-----+--------+

Top non-repeatable levels by time:
     D:1: 1511 daAuts
     D:2: 50 daAuts
